 Dungeon Crawl Stone Soup version 0.30-a0-509-gd016549fea (webtiles) character file.

Game seed: 15645004385516260636

147 GenialerGandalf the Chopper (level 5, -11/47 HPs)
             Began as a Hill Orc Fighter on Dec 22, 2022.
             Mangled by an ice beast (14 damage)
             ... on level 4 of the Dungeon.
             The game lasted 00:03:26 (1943 turns).

GenialerGandalf the Chopper (Hill Orc Fighter)      Turns: 1943, Time: 00:03:27

Health: -11/47     AC:  8    Str: 21    XL:     5   Next: 29%
Magic:  5/5        EV:  9    Int:  8    God:
Gold:   99         SH:  4    Dex: 10    Spells: 4/4 levels left

rFire   . . .      SeeInvis .    a - +0 war axe
rCold   . . .      Faith    .    c - +0 buckler
rNeg    . . .      Spirit   .    b - +0 scale mail
rPois   .          Reflect  .    (no helmet)
rElec   .          Harm     .    o - +0 cloak
rCorr   .          Rampage  .    (no gloves)
Will    .....                    (no boots)
Stlth   ..........               (no amulet)
HPRegen 0.27/turn                (no ring)
MPRegen 0.09/turn                (no ring)

@: no status effects
A: no striking features
a: no special abilities


You were on level 4 of the Dungeon.
You visited 1 branch of the dungeon, and saw 4 of its levels.

You collected 99 gold pieces.

Inventory:

Hand Weapons
 a - a +0 war axe (weapon)
Armour
 b - a +0 scale mail (worn)
 c - a +0 buckler (worn)
 o - a +0 cloak (worn)
Jewellery
 l - a ring of fire
 s - an amulet of faith
 t - a ring of positive energy
Scrolls
 e - 4 scrolls of identify {unknown}
 i - 3 scrolls of poison {unknown}
 j - a scroll of enchant weapon {unknown}
 k - a scroll of summoning {unknown}
 n - 2 scrolls of teleportation {unknown}
 q - 3 scrolls of fear {unknown}
Potions
 d - a potion of might
 f - a potion of flight {unknown}
 g - 2 potions of lignification {unknown}
 h - 3 potions of mutation {unknown}
 m - a potion of degeneration {unknown}
 p - a potion of ambrosia {unknown}
 r - 2 potions of resistance {unknown}


   Skills:
 + Level 4.5 Fighting
 + Level 4.9 Axes
 + Level 4.1 Armour
 + Level 0.5 Dodging
 + Level 3.7 Shields


You had 4 spell levels left.
You didn't know any spells.
Your spell library was empty.

Dungeon Overview and Level Annotations

Branches:
Dungeon (4/15)
 Temple: D:4-7

Altars:
Elyvilon
Hepliaklqana
Uskayaw
Xom
Zin
The Shining One


Message History

The ice beast hits you. The ice beast freezes you!
You hit the ice beast.
The ice beast is lightly wounded.
The ice beast hits you. The ice beast freezes you!
You barely miss the ice beast.
The ice beast is lightly wounded.
The ice beast hits you but does no damage.
You completely miss the ice beast.
The ice beast is lightly wounded.
The ice beast barely misses you.
You closely miss the ice beast.
The ice beast is lightly wounded.
The ice beast barely misses you. The ice beast hits you.
The ice beast freezes you!
* * * LOW HITPOINT WARNING * * *
You are too injured to fight recklessly!
You are too injured to fight recklessly!
You are too injured to fight recklessly!
You are too injured to fight recklessly!
You are too injured to fight recklessly!
You are too injured to fight recklessly!
You are too injured to fight recklessly!
You are too injured to fight recklessly!
You are too injured to fight recklessly!
An ice beast is nearby!
You hit the ice beast.
The ice beast is lightly wounded.
The ice beast hits you.
* * * LOW HITPOINT WARNING * * *
The ice beast freezes you.
* * * LOW HITPOINT WARNING * * *
You closely miss the ice beast.
The ice beast is lightly wounded.
The ice beast hits you but does no damage.
You closely miss the ice beast.
The ice beast is lightly wounded.
The ice beast hits you.
* * * LOW HITPOINT WARNING * * *
The ice beast freezes you!
You die...

#.# .# #.# .# #.# ..
#.# .# # #.# ##.##.#
#.#
#.####...#.##########.#
#....Y.#...............
#@..# ######..##..
##.## ##.##.# #.#
#.##.. #.# ######.####
#.# #...##.#### #.#
#.......... #.#
#...#####.# #.######.##
# # #........#


You could see an ice beast.

Vanquished Creatures
  Jessica (D:2)
  4 adders
  A worm (D:2)
  A dart slug (D:2)
  6 orcs (D:3)
  4 ball pythons
  8 endoplasms
  3 giant cockroaches (D:1)
  5 goblins
  11 hobgoblins
  4 jackals (D:2)
  4 kobolds
  3 quokkas
  7 bats
  6 frilled lizards
  A rat (D:1)
69 creatures vanquished.

Notes
Turn   | Place    | Note
-------+----------+-------------------------------------------
     0 | D:1      | GenialerGandalf the Hill Orc Fighter began the quest for
                  | the Orb.
     0 | D:1      | Reached XP level 1. HP: 19/19 MP: 1/1
    88 | D:1      | Reached XP level 2. HP: 19/27 MP: 2/2
   247 | D:1      | Reached XP level 3. HP: 33/33 MP: 3/3
   684 | D:2      | Reached XP level 4. HP: 32/40 MP: 4/4
   747 | D:2      | Noticed Jessica
   754 | D:2      | Killed Jessica
  1053 | D:3      | Reached XP level 5. HP: 47/47 MP: 5/5
  1314 | D:3      | Found a glowing golden altar of the Shining One.
  1314 | D:3      | Found a glowing silver altar of Zin.
  1394 | D:3      | Found a hazy altar of Hepliaklqana.
  1577 | D:3      | Found a white marble altar of Elyvilon.
  1657 | D:3      | Found a hide-covered altar of Uskayaw.
  1689 | D:3      | Found a shimmering altar of Xom.
  1934 | D:4      | Noticed an ice beast
  1943 | D:4      | Mangled by an ice beast

Illustrated notes

Levels and vault maps discovered:
D:1:      sevenhm_arrival_forest_fort_small_6, layout_basic, hex_tiny
D:2:      layout_rooms, kennysheep_another_room, uniq_jessica
D:3:      layout_loops_ring, good_gods_mini_temple, mainiacjoe_overflow_catwalk,
          mainiacjoe_overflow_two_lobes
D:4:      layout_loops_ring, ashenzari_conservatory_becter

Skill      XL: |  1  2  3  4 |
---------------+-------------+-----
Axes           | 3 4 |  4.9
Fighting       | 4 |  4.5
Armour         | 4 |  4.1
Dodging        | |  0.5
Shields        | |  3.7

Action                   |  1- 3 |  4- 6 || total
-------------------------+-------+-------++-------
Melee: War axe           |    75 |    96 ||   171
Armor: Scale mail        |    56 |    46 ||   102
Dodge: Dodged            |    62 |    49 ||   111
Block: Buckler           |    22 |    19 ||    41

Table legend: (Time is in decaauts)
 A = Elapsed time spent in this place.
 B = Non-inter-level travel time spent in this place.
 C = Inter-level travel time spent in this place.
 D = Time resting spent in this place.
 E = Time spent auto-exploring this place.
 F = Levels seen in this place.
 G = Mean time per level.
                   A        B        C        D        E       F      G
               +--------+--------+--------+--------+--------+-----+--------+
         Total |   1999 |   1963 |     36 |    102 |   1339 |   4 |  499.8 |
       Dungeon |   1999 |   1963 |     36 |    102 |   1339 |   4 |  499.8 |
               +--------+--------+--------+--------+--------+-----+--------+

Top non-repeatable levels by time:
     D:3: 851 daAuts
     D:1: 595 daAuts
     D:2: 484 daAuts
     D:4: 69 daAuts
